 Dungeon Crawl Stone Soup version 0.19.1-1-g22dce08 (webtiles) character file.

26 esteth the Poker (level 3, -2/29 HPs)
             Began as a Merfolk Abyssal Knight on Jan 11, 2017.
             Was a Believer of Lugonu.
             Slain by an adder (5 damage)
             ... on level 1 of the Dungeon.
             The game lasted 00:02:51 (1138 turns).

esteth the Poker (Merfolk Abyssal Knight)           Turns: 1138, Time: 00:02:51

Health: -2/29      AC:  3    Str: 12    XL:     3   Next: 8%
Magic:  3/4        EV: 12    Int: 11    God:    Lugonu [**....]
Gold:   17         SH:  0    Dex: 14    Spells: 0 memorised, 2 levels left

rFire  . . .     SeeInvis .     a - +1 spear
rCold  . . .     Gourm    .     b - +0 leather armour
rNeg   . . .     Faith    .     (no shield)
rPois  .         Spirit   .     (no helmet)
rElec  .         Reflect  .     (no cloak)
rCorr  .         Harm     .     (no gloves)
MR     .....                    (no boots)
Stlth  +.........               (no amulet)
                                (no ring)
                                (no ring)

@: lethally poisoned (-2 -> -4)
A: change form in water, swift swim, stealthy swim
a: Depart the Abyss, Bend Space, Renounce Religion


You were on level 1 of the Dungeon.
You worshipped Lugonu.
Lugonu was pleased with you.
You were not hungry.

You visited 1 branch of the dungeon, and saw 2 of its levels.
You visited the Abyss 1 time.

You collected 17 gold pieces.

Inventory:

Hand Weapons
 a - a +1 spear (weapon)
Armour
 b - a +0 leather armour (worn)
Scrolls
 f - 2 scrolls of identify {unknown}
 h - a scroll of fog {unknown}
 i - a scroll of remove curse {unknown}
 k - a scroll of immolation {unknown}
 l - a scroll of enchant armour {unknown}
 m - a scroll of teleportation {unknown}
 o - 2 scrolls of amnesia {unknown}
 p - a scroll of noise {unknown}
Potions
 d - a potion of cancellation {unknown}
 e - a potion of curing {unknown}
 g - a potion of ambrosia {unknown}
 j - a potion of heal wounds {unknown}
Comestibles
 c - 2 bread rations {@e1}
 n - a beef jerky


   Skills:
 - Level 3.2 Fighting
 + Level 5.1 Polearms
 - Level 0.6 Armour
 - Level 2.6 Dodging
 - Level 2.0 Invocations


You had 2 spell levels left.
You didn't know any spells.

Dungeon Overview and Level Annotations

Branches:
Dungeon (2/15)

Altars:


Message History

You climb upwards.
You feel sick.
There is a stone staircase leading down here.
You closely miss the adder. The worm bites you. The adder bites you.
You hit the adder.
The adder is moderately wounded.
The adder barely misses you.
You miss the adder.
The adder is moderately wounded.
You feel sick. The adder bites you. The worm bites you.
* * * LOW HITPOINT WARNING * * *
You closely miss the adder.
The adder is moderately wounded.
The adder bites you but does no damage.
You barely miss the adder.
The adder is moderately wounded.
The adder closely misses you. The worm bites you but does no damage.
Space bends around you!
You blink.
* * * LOW HITPOINT WARNING * * *
The adder bites you.
You die...

#..# #.# #.#....# #..# #.#
#.#.##.# #..# #.# #.#[#..#
#..# #.# #.#.#..#
###########..# #.#
#.#.#..# .............#
#.# #.#.#..#
##...##..##..# #.#
#.#.#..##
##...###.....######w#
#.#.....#
.##.#..####.....@S.§#
#.####.##
.#####..#.#..###.####
#.......#
...#.##.#.#..###.#
#########
≈....#...##......#
..≈≈.....##...##.#
.≈≈≈≈≈...##.#.##.#
≈≈≈≈≈≈..###.#.##.#
≈≈≈≈≈≈..###.#.##.#
≈≈.≈≈≈..##..#.##.#########


You could see a worm and an adder.

Vanquished Creatures
  A dart slug (D:1)
  6 bats (D:1)
  A giant cockroach (D:1)
  5 goblins (D:1)
  3 hobgoblins (D:1)
  2 kobolds (D:1)
  4 rats (D:1)
22 creatures vanquished.

Notes
Turn   | Place    | Note
-------+----------+-------------------------------------------
     0 | Abyss:1  | esteth the Merfolk Abyssal Knight began the quest for the Orb.
     0 | Abyss:1  | Reached XP level 1. HP: 18/18 MP: 2/2
    13 | D:1      | Escaped the Abyss
   206 | D:1      | Reached skill level 4 in Polearms
   206 | D:1      | Reached XP level 2. HP: 20/24 MP: 3/3
   631 | D:1      | Reached ** piety under Lugonu
  1037 | D:1      | Reached skill level 5 in Polearms
  1037 | D:1      | Reached XP level 3. HP: 24/29 MP: 4/4
  1138 | D:1      | Slain by an adder

Skill      XL: |  1  2 |
---------------+-------+-----
Polearms       | 4 5 |  5.1
Fighting       | |  3.2
Armour         | |  0.6
Dodging        | |  2.6
Invocations    | |  2.0

Action                   || total
-------------------------++-------
Melee: Spear             ||    72
Invok: Bend Space        ||     1
  Eat: Chunk             ||     1
Armor: Scale mail        ||     8
       Leather armour    ||     7
Dodge: Dodged            ||    21
